 Dungeon Crawl Stone Soup version 0.15.0-23-gc2b521c (webtiles) character file.

1822 DrPain the Basher (level 8, -5/64 HPs)
             Began as a Minotaur Berserker on Sept 8, 2014.
             Was an Elder of Trog.
             Slain by a seven-headed hydra (11 damage)
             ... on Level 7 of the Dungeon.
             The game lasted 00:17:08 (5597 turns).

DrPain the Basher (Minotaur Berserker)              Turns: 5597, Time: 00:17:08

HP  -5/64        AC  8     Str 21      XL: 8   Next: 85%
MP   3/3         EV  9     Int  4      God: Trog [****..]
Gold 285         SH  4     Dex 13      Spells:  0 memorised,  7 levels left

rFire  . . .     SeeInvis .     H - -3 eveningstar
rCold  . . .     Clarity  .     n - +0 ring mail (curse)
rNeg   . . .     rCorr    .     F - +0 buckler
rPois  .         rRot     .     (helmet restricted)
rElec  .         Spirit   .     x - +2 cloak {+Inv}
SustAb .         Warding  .     (no gloves)
rMut   .         Stasis   .     (no boots)
Gourm  .                        (no amulet)
MR     .....                    (no ring)
                                (no ring)

@: not resistant to hostile enchantments, very unstealthy
A: retaliatory headbutt, horns 2
a: Burn Spellbooks, Berserk, Trog's Hand, Brothers in Arms, Renounce Religion,
Evoke Invisibility


You were on level 7 of the Dungeon.
You worshipped Trog.
Trog was greatly pleased with you.
You were not hungry.

You visited 1 branch of the dungeon, and saw 7 of its levels.

You collected 375 gold pieces.
You spent 90 gold pieces at shops.

Inventory:

Hand weapons
 D - a +2 whip of flaming
 H - a -3 eveningstar (weapon)
Missiles
 y - 14 silver sling bullets
 A - 32 stones (quivered)
 B - 36 arrows
Armour
 n - a cursed +0 ring mail (worn)
 x - a +2 cloak of darkness (worn)
 F - a +0 buckler (worn)
Magical devices
 C - a wand of disintegration (16)
Comestibles
 c - 2 bread rations
 t - 3 meat rations
 E - 2 rotting chunks of orc flesh
Scrolls
 a - a scroll of random uselessness {unknown}
 d - 3 scrolls of remove curse {unknown}
 e - 2 scrolls of blinking {unknown}
 f - a scroll of immolation {unknown}
 g - 3 scrolls of teleportation {unknown}
 i - 2 scrolls of magic mapping {unknown}
 l - 8 scrolls of identify {unknown}
 o - 2 scrolls of noise {unknown}
 p - a scroll of recharging {unknown}
 s - 3 scrolls of fear {unknown}
 G - a scroll of enchant weapon {unknown}
Potions
 b - 5 potions of heal wounds {unknown}
 h - 3 potions of curing {unknown}
 j - a potion of haste
 k - a potion of magic {unknown}
 m - 2 potions of might {unknown}
 q - 3 potions of mutation {unknown}
 r - 3 potions of brilliance {unknown}
 u - a potion of restore abilities
 v - a potion of degeneration {unknown}
 w - a potion of lignification {unknown}
 z - a potion of resistance {unknown}
 I - a potion of confusion {unknown}


   Skills:
 - Level 3.6 Fighting
 + Level 13.2 Maces & Flails
 - Level 2.4 Armour
 - Level 2.1 Dodging
 * Level 3.1 Shields


You had 7 spell levels left.
You didn't know any spells.

Dungeon Overview and Level Annotations

Branches:
Dungeon (7/15)             Temple (0/1) D:4

Altars:
Cheibriados
Nemelex Xobeh
Qazlal
Vehumet
Zin

Shops:
D:6 (


Innate Abilities, Weirdness & Mutations

You reflexively headbutt those who attack you in melee.
You have a pair of horns on your head.


Message History

The seven-headed hydra bites you. The seven-headed hydra bites you!
The seven-headed hydra bites you.
The seven-headed hydra barely misses you.
The seven-headed hydra bites you.
The seven-headed hydra bites you but does no damage.
You continue eating.
The killer bee stings you but does no damage.
The seven-headed hydra bites you. x2
The seven-headed hydra bites you! x2
* * * LOW HITPOINT WARNING * * *
The seven-headed hydra barely misses you.
The seven-headed hydra bites you.
* * * LOW HITPOINT WARNING * * *
The seven-headed hydra bites you but does no damage.
The killer bee stings you.
* * * LOW HITPOINT WARNING * * *
You continue eating.
The killer bee stings you but does no damage.
The seven-headed hydra bites you!
You die...

... #.#
#.# #.#
#y# #y#
#y#
######y#
#..gD@.#
#.######


You could see a seven-headed hydra, 4 killer bees and a hobgoblin.

Vanquished Creatures
  Pikel (D:5)
  Prince Ribbit (D:6)
  Menkaure (D:4)
  A phantom (D:5)
  An ice beast (D:5)
  A giant frog (D:6)
  5 scorpions
  A hippogriff skeleton (D:5)
  A goliath beetle (D:6)
  Crazy Yiuf (D:3)
  2 orc priests
  An iguana (D:5)
  3 worker ants
  Terence (D:2)
  7 adders
  3 gnolls (D:3)
  An orc skeleton (D:6)
  4 giant mites (D:5)
  2 worms (D:2)
  A goliath beetle zombie (D:6)
  A shadow imp (D:5)
  4 giant geckos
  23 orcs
  8 bats
  11 hobgoblins
  8 jackals
  11 kobolds
  A quokka (D:2)
  3 ball pythons
  3 giant cockroaches
  5 giant newts
  15 goblins
  19 rats
  A rat zombie (D:5)
  A fungus (D:5)
153 creatures vanquished.

Vanquished Creatures (others)
  3 bats (D:5)
3 creatures vanquished.

Grand Total: 156 creatures vanquished

Notes
Turn   | Place    | Note
--------------------------------------------------------------
     0 | D:1      | DrPain, the Minotaur Berserker, began the quest for the Orb.
     0 | D:1      | Reached XP level 1. HP: 19/19 MP: 1/1
   198 | D:1      | Reached skill level 4 in Maces & Flails
   255 | D:1      | Reached XP level 2. HP: 26/26 MP: 1/1
   694 | D:1      | Acquired Trog's second power
   781 | D:2      | Reached skill level 5 in Maces & Flails
   787 | D:2      | Reached XP level 3. HP: 15/31 MP: 2/2
  1120 | D:2      | Noticed Terence
  1125 | D:2      | Killed Terence
  1203 | D:2      | Reached XP level 4. HP: 11/39 MP: 2/2
  1308 | D:2      | Reached skill level 6 in Maces & Flails
  2035 | D:3      | Found Zin's Purification Station.
  2040 | D:3      | Found a glowing silver altar of Zin.
  2060 | D:3      | Bought a potion of restore abilities for 90 gold pieces
  2125 | D:3      | Reached XP level 5. HP: 35/45 MP: 2/2
  2220 | D:3      | Reached skill level 7 in Maces & Flails
  2236 | D:3      | Found a radiant altar of Vehumet.
  2298 | D:3      | Found a stormy altar of Qazlal.
  2560 | D:3      | Noticed Crazy Yiuf
  2564 | D:3      | Killed Crazy Yiuf
  2564 | D:3      | Reached skill level 8 in Maces & Flails
  2761 | D:4      | Reached XP level 6. HP: 51/51 MP: 3/3
  2763 | D:4      | Found a staircase to the Ecumenical Temple.
  3039 | D:4      | Noticed Menkaure
  3050 | D:4      | Killed Menkaure
  3050 | D:4      | Reached skill level 9 in Maces & Flails
  3124 | D:4      | Found a snail-covered altar of Cheibriados.
  3292 | D:5      | Entered Level 5 of the Dungeon
  3520 | D:5      | Reached XP level 7. HP: 41/57 MP: 3/3
  3680 | D:5      | Noticed Pikel
  3692 | D:5      | Killed Pikel
  3692 | D:5      | Reached skill level 11 in Maces & Flails
  3692 | D:5      | Reached XP level 8. HP: 64/64 MP: 3/3
  3892 | D:5      | Acquired Trog's third power
  3892 | D:5      | Received a gift from Trog
  4070 | D:5      | Reached skill level 12 in Maces & Flails
  4371 | D:5      | Reached skill level 1 in Shields
  4741 | D:6      | Noticed Prince Ribbit
  4755 | D:6      | Killed Prince Ribbit
  4974 | D:6      | Found a sparkling altar of Nemelex Xobeh.
  4995 | D:6      | Found Ecuffix's Antique Weapon Boutique.
  5105 | D:6      | Reached skill level 13 in Maces & Flails
  5591 | D:7      | Noticed a seven-headed hydra
  5597 | D:7      | Slain by a seven-headed hydra

Action                   |  1- 3 |  4- 6 |  7- 9 || total
-------------------------+-------+-------+-------++-------
Melee: Mace              |    71 |   164 |    16 ||   251
       Eveningstar       |       |       |    85 ||    85
       Whip              |       |       |    44 ||    44
       Flail             |       |       |    33 ||    33
Invok: Berserk           |     1 |     3 |     2 ||     6
  Eat: Chunk             |     1 |     1 |     3 ||     5
       Beef jerky        |       |     1 |       ||     1
       Bread ration      |       |     2 |     2 ||     4
